 Dungeon Sprint DCSS version 0.25.1-2-g60ff931df9 (webtiles) character file.

Game seed: 975582870421933209

1306 lepoulpe303 the Cleaver (level 8, 0/86 HPs)
             Began as a Deep Dwarf Fighter on Sept 26, 2020.
             Was a Follower of Makhleb.
             Slain by a demonic crawler (3 damage)
             ... in the Dungeon (Sprint I: "Red Sonja").
             The game lasted 00:03:38 (196 turns).

lepoulpe303 the Cleaver (Deep Dwarf Fighter)         Turns: 196, Time: 00:03:39

Health: 0/86       AC: 11    Str: 22    XL:     8   Next: 32%
Magic:  9/9        EV:  7    Int:  9    God:    Makhleb [*.....]
Gold:   270        SH: 11    Dex: 12    Spells: 7/7 levels left

rFire    . . .     SeeInvis .   a - +0 war axe
rCold    . . .     Gourm    .   c - +0 kite shield
rNeg     . . .     Faith    .   f - +0 chain mail
rPois    .         Spirit   .   (no helmet)
rElec    .         Reflect  .   (no cloak)
rCorr    .         Harm     .   (no gloves)
MR       +....     NoTele   +   (no boots)
Stlth    ..........             (no amulet)
HPRegen  0.00/turn              (no ring)
MPRegen  0.11/turn              (no ring)

@: non-regenerating
A: damage resistance, heal wounds, sense surroundings 1, no regeneration
a: Heal Wounds, Renounce Religion


You were in the Dungeon.
You worshipped Makhleb.
Makhleb was aware of your devotion.
You were not hungry.

You visited 1 branch You collected 270 gold pieces.

Inventory:

Hand Weapons
 a - a +0 war axe (weapon)
Armour
 b - a +0 scale mail
 c - a +0 kite shield (worn)
 f - a +0 chain mail (worn)
Scrolls
 k - 2 scrolls of remove curse {unknown}
 B - a scroll of blinking {!r}
Potions
 d - 2 potions of might
 h - a potion of haste
 i - 2 potions of magic
 j - a potion of berserk rage {!q}
 l - a potion of heal wounds
 q - a potion of curing
Comestibles
 e - a ration
 g - 4 chunks of flesh


   Skills:
 * Level 9.8 Fighting
 * Level 11.2 Axes
 + Level 8.5 Armour
 + Level 8.7 Shields
 * Level 7.3 Invocations


You had 7 spell levels left.
You didn't know any spells.
Your spell library was empty.

Dungeon Overview and Level Annotations

Branches:
Dungeon (1/1)

Altars:
Makhleb
Sif Muna
Vehumet
Wu Jian
Xom
Jiyva
Lugonu


Innate Abilities, Weirdness & Mutations

You are resistant to damage.
You can heal yourself by infusing magical energy.
You passively map a small area around you.
You do not regenerate.


Message History

You block the demonic crawler's attack.
The demonic crawler hits you but does no damage.
You take 15 damage, and have 18/86 hp.
Your shield and chain mail prevent you from hitting the demonic crawler.
You hit the demonic crawler but do no damage.
The demonic crawler hits you!
* * * LOW HITPOINT WARNING * * *
The demonic crawler hits you but does no damage. x3
The demonic crawler hits you.
* * * LOW HITPOINT WARNING * * *
The demonic crawler hits you but does no damage.
The demonic crawler barely misses you. x2
The demonic crawler hits you but does no damage.
The demonic crawler closely misses you. The demonic crawler hits you!
* * * LOW HITPOINT WARNING * * *
You block the demonic crawler's attack.
You take 15 damage, and have 3/86 hp.
You fail to use your ability.
The demonic crawler barely misses you. The demonic crawler hits you.
You die...

##################
.#.)'..#__#..')..#
.'..#..'^.'..#).s##+#,*
, '#####'#__####..@ss.#
.# #.#### #####..+ ##
##.# , , * ## * #+#_.+
≈ + * ^ , +..._# * , ,
#_.#+# ** *##+# * * + *
* , * ,, *


You could see 3 demonic crawlers.

Levels and vault maps discovered:
D:        dungeon_sprint_1 [red_sonja_temple_1, red_sonja_temple_small_1]

Notes
Turn   | Place    | Note
-------+----------+-------------------------------------------
     0 | D        | lepoulpe303 the Deep Dwarf Fighter began the quest for the
                  | Orb.
     0 | D        | Reached XP level 1. HP: 20/20 MP: 1/1
     2 | D        | Identified a +0 chain mail
     2 | D        | Noticed Ijyb
    22 | D        | Killed Ijyb
    22 | D        | Reached skill level 4 in Fighting
    22 | D        | Reached skill level 4 in Axes
    22 | D        | Reached skill level 4 in Armour
    22 | D        | Reached skill level 4 in Shields
    22 | D        | Reached XP level 2. HP: 28/30 MP: 2/2
    36 | D        | Identified a +0 giant club
    36 | D        | Noticed an ogre
    43 | D        | HP: 3/30 [ogre/+0 giant club (7)]
    48 | D        | Killed an ogre
    48 | D        | Reached skill level 5 in Fighting
    48 | D        | Reached skill level 6 in Axes
    48 | D        | Reached skill level 5 in Armour
    48 | D        | Reached skill level 5 in Shields
    48 | D        | Reached XP level 3. HP: 27/39 MP: 3/3
    48 | D        | Reached XP level 4. HP: 32/46 MP: 4/4
    62 | D        | Identified a +0 scythe
    62 | D        | Identified a +0 robe
    62 | D        | Noticed Sigmund
    72 | D        | Killed Sigmund
    72 | D        | Reached skill level 7 in Fighting
    72 | D        | Reached skill level 8 in Axes
    72 | D        | Reached skill level 6 in Armour
    72 | D        | Reached skill level 6 in Shields
    72 | D        | Reached XP level 5. HP: 49/57 MP: 5/5
    85 | D        | Found an ornate altar of the Wu Jian Council.
    85 | D        | Found a shimmering blue altar of Sif Muna.
    87 | D        | Found a radiant altar of Vehumet.
    93 | D        | Reached XP level 6. HP: 56/66 MP: 6/6
   109 | D        | Found a viscous altar of Jiyva.
   109 | D        | Found a corrupted altar of Lugonu.
   109 | D        | Noticed a slime creature
   110 | D        | Found a burning altar of Makhleb.
   110 | D        | Found a shimmering altar of Xom.
   122 | D        | Killed a slime creature
   122 | D        | Reached skill level 8 in Fighting
   122 | D        | Reached skill level 9 in Axes
   122 | D        | Reached skill level 7 in Armour
   122 | D        | Reached skill level 7 in Shields
   124 | D        | Became a worshipper of Makhleb the Destroyer
   141 | D        | Identified a +0 dagger
   141 | D        | Identified a +0 robe
   141 | D        | Noticed a kobold demonologist
   141 | D        | Noticed a floating eye
   142 | D        | Identified a +0 dagger
   142 | D        | Identified a +0 robe
   142 | D        | Noticed a kobold demonologist
   143 | D        | Paralysed by a floating eye for 3 turns
   148 | D        | Noticed a hellwing
   151 | D        | Paralysed by a floating eye for 2 turns
   153 | D        | Noticed a chaos spawn
   154 | D        | Killed a kobold demonologist
   154 | D        | Reached skill level 9 in Fighting
   154 | D        | Reached skill level 10 in Axes
   154 | D        | Reached skill level 8 in Shields
   154 | D        | Reached skill level 4 in Invocations
   154 | D        | Reached XP level 7. HP: 76/76 MP: 5/9
   156 | D        | Paralysed by a floating eye for 3 turns
   160 | D        | Noticed an orange demon
   161 | D        | Reached skill level 8 in Armour
   161 | D        | Reached skill level 5 in Invocations
   163 | D        | Killed a kobold demonologist
   163 | D        | Reached * piety under Makhleb
   163 | D        | Reached skill level 6 in Invocations
   163 | D        | Reached XP level 8. HP: 85/85 MP: 6/11
   169 | D        | Noticed a demonic crawler
   169 | D        | Noticed a demonic crawler
   169 | D        | Noticed a demonic crawler
   169 | D        | Noticed a demonic crawler
   180 | D        | HP: 20/85 [demonic crawler (4)]
   187 | D        | HP: 21/85 [demonic crawler (1)]
   188 | D        | Killed a demonic crawler
   188 | D        | Reached skill level 11 in Axes
   188 | D        | Reached skill level 7 in Invocations
   192 | D        | HP: 20/86 [demonic crawler (8)]
   192 | D        | HP: 8/86 [demonic crawler (6)]
   195 | D        | HP: 3/86 [demonic crawler (8)]
   196 | D        | Slain by a demonic crawler

Table legend:
 A = Turns spent in this place as a percentage of turns spent in the entire game.
 B = Non-inter-level travel turns spent in this place as a percentage of non-inter-level travel turns spent in the entire game.
 C = Inter-level travel turns spent in this place as a percentage of turns spent in this place.
 D = Turns resting spent in this place as a percentage of non-inter-level travel turns spent in this place.
 E = Turns spent auto-exploring this place as a percentage of non-inter-level travel turns spent in this place.
 F = Non-inter-level travel turns spent in this place divided by the number of levels of this place that you've seen.
                   A       B       C       D       E      F
               +-------+-------+-------+-------+-------+----------------------
         Total | 100.0 | 100.0 |   0.0 |   0.0 |   0.0 | 196.0
       Dungeon | 100.0 | 100.0 |   0.0 |   0.0 |   0.0 | 196.0
               +-------+-------+-------+-------+-------+----------------------

Table legend:
 A = Kills in this place as a percentage of kills in entire the game.
 B = Kills by you in this place as a percentage of kills by you in the entire game.
 C = Kills by friends in this place as a percentage of kills by friends in the entire game.
 D = Other kills in this place as a percentage of other kills in the entire game.
 E = Experience gained in this place as a percentage of experience gained in the entire game.
 F = Experience gained in this place divided by the number of levels of this place that you have seen.
                   A       B       C       D       E      F
               +-------+-------+-------+-------+-------+----------------------
         Total | 100.0 | 100.0 |   N/A |   N/A | 100.0 | 1866.0
       Dungeon | 100.0 | 100.0 |   N/A |   N/A | 100.0 | 1866.0
               +-------+-------+-------+-------+-------+----------------------

Skill      XL: |  1  2  3  4  5  6  7  8 |
---------------+-------------------------+-----
Fighting       | 4 5 7 9 |  9.8
Axes           | 4 6 8 10 11 | 11.2
Armour         | 4 5 6 7 8 |  8.5
Shields        | 4 5 6 8 |  8.7
Invocations    | 4 6 7 |  7.3

Action                   |  1- 3 |  4- 6 |  7- 9 || total
-------------------------+-------+-------+-------++-------
Melee: War axe           |    27 |    34 |    29 ||    90
 Abil: Heal Wounds       |     1 |     3 |     4 ||     8
Armor: Scale mail        |     6 |       |       ||     6
       Chain mail        |     2 |    16 |    65 ||    83
Dodge: Dodged            |    11 |     4 |    30 ||    45
Block: Kite shield       |     8 |    19 |    52 ||    79

Vanquished Creatures
  2 kobold demonologists (D)
  A demonic crawler (D)
  A slime creature (D)
  Sigmund (D)
  A floating eye (D)
  An ogre (D)
  A jelly (D)
  Ijyb (D)
9 creatures vanquished.
